 Dungeon Crawl Stone Soup version 0.28.0-53-g5a82cb258f (webtiles) character file.

Game seed: 16834173612766680319

62 cbfl8 the Covered (level 3, 0/33 HPs)
             Began as a Minotaur Fighter on July 20, 2022.
             Succumbed to an adder's poison
             ... on level 2 of the Dungeon.
             The game lasted 00:01:49 (1844 turns).

cbfl8 the Covered (Minotaur Fighter)                Turns: 1844, Time: 00:01:50

Health: 0/33       AC: 12    Str: 20    XL:     3   Next: 85%
Magic:  2/2        EV:  5    Int:  5    God:
Gold:   121        SH:  4    Dex: 11    Spells: 2/2 levels left

rFire   + . .      SeeInvis .   a - +0 war axe
rCold   + . .      Faith    .   c - +0 buckler
rNeg    . . .      Spirit   .   j - +0 plate armour
rPois   +          Reflect  .   (helmet restricted)
rElec   +          Harm     .   (no cloak)
rCorr   +          Rampage  .   (no gloves)
Will    .....                   (no boots)
Stlth   ..........              e - amulet of the acrobat
HPRegen 0.11/turn               (no ring)
MPRegen 0.08/turn               (no ring)

@: lethally poisoned (0 -> -8), resistant, flying
A: horns 2, retaliatory headbutt
a: no special abilities


You were on level 2 of the Dungeon.
You visited 1 branch of the dungeon, and saw 3 of its levels.

You collected 145 gold pieces.
You spent 24 gold pieces at shops.

Inventory:

Hand Weapons
 a - a +0 war axe (weapon)
Armour
 b - a +0 scale mail
 c - a +0 buckler (worn)
 j - a +0 plate armour (worn)
Jewellery
 e - an amulet of the acrobat (around neck)
Scrolls
 i - a scroll of fog
Potions
 d - a potion of might
 f - a potion of brilliance
 g - a potion of attraction {unknown}
 h - a potion of resistance
 k - a potion of flight


   Skills:
 + Level 4.1 Fighting
 + Level 3.5 Axes
 + Level 4.4 Armour
 + Level 0.2 Dodging
 + Level 4.0 Shields


You had 2 spell levels left.
You didn't know any spells.
Your spell library was empty.

Dungeon Overview and Level Annotations

Branches:
Dungeon (3/15)

Altars:

Shops:
D:1 (??


Innate Abilities, Weirdness & Mutations

You have a pair of horns on your head.
You reflexively headbutt those who attack you in melee.


Message History

The gnoll shouts!
You hear a shout!
You block the adder's attack. The adder bites you but does no damage.
The orc hits you with a +0 hand axe.
You climb upwards.
There is a stone staircase leading down here.
You completely miss the adder.
The adder is almost dead.
You hit the adder. You barely miss the orc.
The adder bites you but does no damage. You block the adder's attack.
The orc hits you but does no damage. The adder bites you.
You are poisoned.
The adder poisons you! The adder bites you but does no damage.
You closely miss the adder.
The adder is almost dead.
You hit the orc. You completely miss the adder.
You feel very sick. You block the adder's attack. The adder barely misses you.
The orc hits you with a +0 hand axe.
The adder bites you but does no damage. x2
The orc hits you with a +0 hand axe.
* * * LOW HITPOINT WARNING * * *
You are too injured to fight recklessly!
Unknown command.
You are too injured to fight recklessly!
You slash the adder!
You kill the adder!
You slash the adder! You closely miss the orc.
You feel sick. The adder bites you.
* * * LOW HITPOINT WARNING * * *
You are lethally poisoned!
The adder poisons you! The orc hits you but does no damage.
The adder bites you but does no damage.
It was a potion of resistance.
You feel protected.
* * * LOW HITPOINT WARNING * * *
You feel very sick. The adder bites you but does no damage.
The orc hits you but does no damage.
It was a potion of flight.
You feel very buoyant.
You fly up into the air.
You die...

#...†.# #.###.# #.#.#.#
#.#<#.# #.#.#.###########
#.#.#.#..........
#.#...#..........
#####o#####..........
#...@S...............
#.##.######..........
#.#..................
#.#..#....)#+#.......
#.#..#.....#.#.......
#.#..#.....#.#.......
#######.#..#.....#'#.......
#..........#.............##
##.###.....#.............#


You could see an adder and an orc.

Vanquished Creatures
  2 adders (D:2)
  2 worms (D:2)
  A dart slug (D:1)
  An endoplasm (D:2)
  2 giant cockroaches (D:1)
  6 goblins
  3 hobgoblins (D:1)
  A quokka (D:1)
  6 ball pythons
  8 bats
  A frilled lizard (D:2)
  2 kobolds
  2 rats (D:1)
37 creatures vanquished.

Notes
Turn   | Place    | Note
-------+----------+-------------------------------------------
     0 | D:1      | cbfl8 the Minotaur Fighter began the quest for the Orb.
     0 | D:1      | Reached XP level 1. HP: 19/19 MP: 0/0
   292 | D:1      | Reached XP level 2. HP: 27/27 MP: 1/1
   495 | D:1      | Found Ohue's Magic Scroll Shop.
   593 | D:1      | Bought a scroll of identify for 24 gold pieces
   632 | D:1      | Found Ahibb's Antique Weapon Shop.
   742 | D:1      | Found Cuxzy's Magic Scroll Emporium.
   883 | D:1      | Reached XP level 3. HP: 31/33 MP: 2/2
  1676 | D:2      | Found a faded altar of an unknown god.
  1844 | D:2      | Succumbed to an adder's poison

Illustrated notes

Levels and vault maps discovered:
D:1:      dpeg_arrival_tiny_d, layout_loops_ring, serial_shops, shop,
          shop_fountains, nicolae_diamond_shop
D:2:      layout_basic, hellmonk_ecumenical_altar_leap_of_faith
D:3:      layout_basic

Skill      XL: |  1  2  3 |
---------------+----------+-----
Fighting       | 4 |  4.1
Armour         | 4 |  4.4
Axes           | 3 |  3.5
Shields        | 4 |  4.0
Dodging        | |  0.2

Action                   || total
-------------------------++-------
Melee: War axe           ||   100
       Headbutt          ||    16
  Use: Scroll            ||     2
       Potion            ||     2
Armor: Scale mail        ||    53
       Plate armour      ||    27
Dodge: Dodged            ||    41
Block: Buckler           ||    24
